 Dungeon Crawl Stone Soup version 0.23.0-3-gf3c87f2 (webtiles) character file.

Game seed: 11742441947906089652

6664 vishdafish the Magician (level 11, -1/84 HPs)
             Began as a Gnoll Skald on Feb 19, 2019.
             Was an Initiate of Gozag.
             Slain by a yak (9 damage)
             ... on level 10 of the Dungeon.
             The game lasted 00:29:21 (11587 turns).

vishdafish the Magician (Gnoll Skald)              Turns: 11587, Time: 00:29:22

Health: -1/84      AC: 11    Str: 14    XL:     11   Next: 3%
Magic:  0/22       EV: 13    Int: 18    God:    Gozag
Gold:   181        SH:  0    Dex: 15    Spells: 20/25 levels left

rFire    + . .     SeeInvis +   O - +3 war axe
rCold    + . .     Gourm    .   (no shield)
rNeg     . . .     Faith    .   l - +1 scale mail {rC+}
rPois    .         Spirit   .   p - +0 helmet
rElec    .         Reflect  .   n - +0 cloak
rCorr    .         Harm     .   (no gloves)
MR       .....                  (no boots)
Stlth    ++........             a - amulet of the acrobat
HPRegen  0.24/turn              C - ring of protection from fire
MPRegen  0.18/turn              r - ring of see invisible

@: infused, singing, gold aura, lightly drained
A: distributed training, fangs 1, strong nose
a: Potion Petition, Call Merchant, Bribe Branch, Renounce Religion


You were on level 10 of the Dungeon.
You worshipped Gozag.
Gozag was aware of your devotion.
You were hungry.

You visited 1 branch of the dungeon, and saw 10 of its levels.

You collected 1272 gold pieces.
You spent 455 gold pieces at shops.
You paid 636 gold pieces to Gozag.

Inventory:

Hand Weapons
 k - a +3 dagger of speed
 t - a +0 blowgun
 A - a +1 short sword of venom
 F - a +4 dire flail of crushing
 G - a +3 spear
 O - a +3 war axe (weapon)
Missiles
 h - 3 curare-tipped needles
 q - 44 poisoned needles
 E - 17 tomahawks (quivered)
Armour
 b - a +0 leather armour
 l - a +1 scale mail of cold resistance (worn)
 n - a +0 cloak (worn)
 p - a +0 helmet (worn)
 w - a +0 ring mail
Magical Staves
 z - an uncursed staff of earth
 I - an uncursed staff of summoning
Jewellery
 a - an amulet of the acrobat (around neck)
 r - a ring of see invisible (right hand)
 C - a ring of protection from fire (left hand)
 L - an uncursed ring of poison resistance
Wands
 N - a wand of polymorph (9)
Scrolls
 e - 4 scrolls of remove curse
 f - 8 scrolls of teleportation
 g - 5 scrolls of immolation
 i - 5 scrolls of enchant armour
 v - 2 scrolls of amnesia
 x - 2 scrolls of noise
 y - a scroll of blinking {unknown}
 B - 2 scrolls of magic mapping {unknown}
 H - 3 scrolls of identify
 K - a scroll of enchant weapon {unknown}
 M - a scroll of fog {unknown}
Potions
 c - 4 potions of agility
 j - a potion of lignification
 m - a potion of mutation {unknown}
 s - 2 potions of might
 u - 5 potions of curing
 D - 3 potions of flight
 J - 3 potions of resistance
Comestibles
 d - 15 rations


   Skills:
 + Level 7.4(7.3) Fighting
 + Level 5.7 Short Blades
 + Level 7.4(7.3) Long Blades
 + Level 5.7 Axes
 + Level 5.7 Maces & Flails
 + Level 5.7 Polearms
 + Level 5.7 Staves
 + Level 5.7 Slings
 + Level 5.7 Bows
 + Level 5.7 Crossbows
 + Level 5.7 Throwing
 + Level 6.3 Armour
 + Level 7.4(7.3) Dodging
 + Level 5.7 Stealth
 + Level 5.7 Shields
 + Level 5.7 Unarmed Combat
 + Level 7.7(7.6) Spellcasting
 + Level 4.7 Conjurations
 + Level 4.7 Hexes
 + Level 7.3 Charms
 + Level 4.7 Summonings
 + Level 4.7 Necromancy
 + Level 4.7 Translocations
 + Level 4.7 Transmutations
 + Level 4.7 Fire Magic
 + Level 4.7 Ice Magic
 + Level 4.7 Air Magic
 + Level 4.7 Earth Magic
 + Level 4.7 Poison Magic
 + Level 6.3(6.2) Invocations
 + Level 5.7 Evocations


You had 20 spell levels left.
You knew the following spells:

 Your Spells              Type           Power        Failure   Level  Hunger
a - Infusion              Chrm           ####         1%          1    None
b - Song of Slaying       Chrm           ####....     2%          2    None
c - Shroud of Golubria    Chrm/Tloc      ####......   4%          2    None

Your spell library contained the following spells:

 Spells                   Type           Power        Failure   Level  Hunger
 Summon Butterflies       Summ           ###.....     5%          1    None
 Regeneration             Chrm/Necr      ####......   10%         3    #......
 Spectral Weapon          Hex/Chrm       ####....     10%         3    #......
 Call Canine Familiar     Summ           ###.....     16%         3    #......
 Summon Ice Beast         Ice/Summ       ###.....     47%         4    ###....
 Summon Mana Viper        Hex/Summ       ###.....     83%         5    #####..
 Summon Hydra             Summ           ###.......   100%        7    #######


Dungeon Overview and Level Annotations

Branches:
Dungeon (10/15)            Temple (0/1) D:6
   Lair: D:8-11         Orc: D:9-12

Altars:
Dithmenos
Gozag
Hepliaklqana
Kikubaaqudgha
Makhleb
Nemelex Xobeh
Okawaru
Qazlal
Ru
Uskayaw
Vehumet

Shops:
D:6 =   D:7 !   D:8 =   D:9 !

Annotations:
D:9 exclusion: ice statue


Innate Abilities, Weirdness & Mutations

Your experience applies equally to all skills.
You have very sharp teeth.
Your uncanny sense of smell can sniff out nearby items.


Message History

* * * LOW HITPOINT WARNING * * *
You feel much better. The yak gores you but does no damage.
The yak gores you. x2
The yak barely misses you.
You slash the yak!
You kill the yak!
You hit the yak. x2; You closely miss the yak.
The yak gores you. The yak gores you!
* * * LOW HITPOINT WARNING * * *
The yak gores you!
* * * LOW HITPOINT WARNING * * *
You feel much better. The yak gores you!
* * * LOW HITPOINT WARNING * * *
The yak barely misses you. The yak closely misses you.
You barely miss the yak.
The yak is heavily wounded.
You hit the yak! You hit the yak. The yak gores you!
* * * LOW HITPOINT WARNING * * *
The yak completely misses you. The yak gores you!
You die...
Your body crumbles into a pile of gold.

..#........) ...........
.......... #.........
#......... #.?.......
#......... #$$Y......
#.@Y......
.########.$Y......
..................
................$..
....................
........(............
......................
.......................
........................


You could see 3 yaks.

Vanquished Creatures
  Pikel (D:5)
  A gargoyle (D:9)
  A troll (D:9)
  Prince Ribbit (D:7)
  4 hogs (D:8)
  5 yaks
  A wyvern (D:10)
  A vampire (D:9)
  Eustachio (D:5)
  A human (D:8)
  A hungry ghost (D:10)
  Edmund (D:6)
  A water moccasin (D:7)
  An ice beast (D:9)
  6 orc warriors
  A phantom (D:7)
  A sky beast (D:5)
  A slave (D:5)
  4 ogres
  3 centaurs
  A big kobold (D:7)
  4 bullfrogs
  2 scorpions
  4 wights
  3 crimson imps
  A centaur zombie (D:8)
  2 hounds
  2 orc priests (D:7)
  A quasit (D:9)
  5 jellies
  Ijyb (D:3)
  An iguana (D:7)
  3 worker ants
  7 orc wizards
  3 hound zombies
  A hound skeleton (D:9)
  A worker ant zombie (D:7)
  Robin (D:3)
  9 gnolls
  11 adders
  A howler monkey skeleton (D:6)
  A shadow imp (D:5)
  An ooze (D:3)
  2 adder skeletons
  3 worms
  2 dart slugs (D:2)
  5 leopard geckos
  43 orcs
  A ball python (D:2)
  4 bats
  A bat zombie (D:6)
  8 giant cockroaches
  11 hobgoblins
  2 jackals (D:2)
  6 quokkas
  7 frilled lizards
  12 goblins
  12 kobolds
  10 rats
  2 rat zombies (D:6)
234 creatures vanquished.

Notes
Turn   | Place    | Note
-------+----------+-------------------------------------------
     0 | D:1      | vishdafish the Gnoll Skald began the quest for the Orb.
     0 | D:1      | Reached XP level 1. HP: 20/20 MP: 6/6
   331 | D:1      | Reached XP level 2. HP: 26/26 MP: 7/7
   341 | D:1      | Learned a level 2 spell: Song of Slaying
   344 | D:1      | Learned a level 2 spell: Shroud of Golubria
   761 | D:2      | Reached XP level 3. HP: 14/31 MP: 0/9
   763 | D:2      | Reached skill level 5 in Spellcasting
   780 | D:2      | Reached skill level 1 in Invocations
  1112 | D:2      | Reached skill level 1 in Short Blades
  1112 | D:2      | Reached skill level 1 in Axes
  1112 | D:2      | Reached skill level 1 in Maces & Flails
  1112 | D:2      | Reached skill level 1 in Polearms
  1112 | D:2      | Reached skill level 1 in Staves
  1112 | D:2      | Reached skill level 1 in Slings
  1112 | D:2      | Reached skill level 1 in Bows
  1112 | D:2      | Reached skill level 1 in Crossbows
  1112 | D:2      | Reached skill level 1 in Throwing
  1112 | D:2      | Reached skill level 1 in Stealth
  1112 | D:2      | Reached skill level 1 in Shields
  1112 | D:2      | Reached skill level 1 in Unarmed Combat
  1112 | D:2      | Reached skill level 1 in Evocations
  1152 | D:2      | Reached XP level 4. HP: 16/38 MP: 11/11
  1500 | D:2      | Reached skill level 1 in Conjurations
  1500 | D:2      | Reached skill level 1 in Hexes
  1500 | D:2      | Reached skill level 1 in Summonings
  1500 | D:2      | Reached skill level 1 in Necromancy
  1500 | D:2      | Reached skill level 1 in Translocations
  1500 | D:2      | Reached skill level 1 in Transmutations
  1500 | D:2      | Reached skill level 1 in Fire Magic
  1500 | D:2      | Reached skill level 1 in Ice Magic
  1500 | D:2      | Reached skill level 1 in Air Magic
  1500 | D:2      | Reached skill level 1 in Earth Magic
  1500 | D:2      | Reached skill level 1 in Poison Magic
  1885 | D:3      | Reached XP level 5. HP: 32/43 MP: 12/12
  1897 | D:3      | Noticed Robin
  1938 | D:3      | Killed Robin
  2081 | D:3      | Noticed Ijyb
  2105 | D:3      | Killed Ijyb
  2677 | D:3      | Reached XP level 6. HP: 42/50 MP: 6/13
  4349 | D:4      | Reached skill level 5 in Fighting
  4349 | D:4      | Reached skill level 5 in Long Blades
  4349 | D:4      | Reached skill level 5 in Dodging
  4458 | D:5      | Entered Level 5 of the Dungeon
  4643 | D:5      | Reached XP level 7. HP: 56/56 MP: 10/15
  4657 | D:5      | Found an opulent altar of Gozag.
  4657 | D:5      | Found a sparkling altar of Nemelex Xobeh.
  4685 | D:5      | Became a worshipper of Gozag Ym Sagoz the Greedy
  4835 | D:5      | Got a translucent flail
  4836 | D:5      | Identified the +2 flail of Nuvehi {crush, rElec rF+ Dex-5}
                  | (You found it on level 5 of the Dungeon)
  4854 | D:5      | Noticed Eustachio
  4863 | D:5      | Killed Eustachio
  4863 | D:5      | Reached XP level 8. HP: 56/63 MP: 16/16
  5039 | D:5      | Found a burning altar of Makhleb.
  5104 | D:6      | Found a staircase to the Ecumenical Temple.
  5400 | D:6      | Noticed Pikel
  5442 | D:6      | Noticed Edmund
  5554 | D:5      | Killed Pikel
  5643 | D:5      | Reached XP level 9. HP: 51/69 MP: 6/18
  5986 | D:6      | Found Ipnogge's Jewellery Emporium.
  6143 | D:6      | Killed Edmund
  6531 | D:6      | Found an ancient bone altar of Kikubaaqudgha.
  6693 | D:7      | Found a hide-covered altar of Uskayaw.
  6695 | D:7      | Found a stormy altar of Qazlal.
  6698 | D:7      | Found a radiant altar of Vehumet.
  6698 | D:7      | Found a shadowy altar of Dithmenos.
  6698 | D:7      | Found a hazy altar of Hepliaklqana.
  6701 | D:7      | Noticed Prince Ribbit
  6853 | D:7      | Found Hugoev's Distillery.
  6858 | D:7      | Bought a potion of flight for 36 gold pieces
  6858 | D:7      | Bought a potion of heal wounds for 60 gold pieces
  6858 | D:7      | Bought a potion of might for 48 gold pieces
  6858 | D:7      | Bought a potion of curing for 36 gold pieces
  6924 | D:7      | Reached skill level 5 in Armour
  7248 | D:7      | Killed Prince Ribbit
  7987 | D:7      | Found a sacrificial altar of Ru.
  7987 | D:7      | Found an iron altar of Okawaru.
  8083 | D:7      | Reached skill level 5 in Invocations
  8621 | D:8      | Found a shadowy altar of Dithmenos.
  8739 | D:7      | Reached XP level 10. HP: 47/77 MP: 10/20
  9308 | D:8      | Reached skill level 5 in Short Blades
  9308 | D:8      | Reached skill level 5 in Axes
  9308 | D:8      | Reached skill level 5 in Maces & Flails
  9308 | D:8      | Reached skill level 5 in Polearms
  9308 | D:8      | Reached skill level 5 in Staves
  9308 | D:8      | Reached skill level 5 in Slings
  9308 | D:8      | Reached skill level 5 in Bows
  9308 | D:8      | Reached skill level 5 in Crossbows
  9308 | D:8      | Reached skill level 5 in Throwing
  9308 | D:8      | Reached skill level 5 in Stealth
  9308 | D:8      | Reached skill level 5 in Shields
  9308 | D:8      | Reached skill level 5 in Unarmed Combat
  9308 | D:8      | Reached skill level 5 in Evocations
 10175 | D:9      | Noticed a gargoyle
 10358 | D:9      | Noticed an ice statue
 10476 | D:9      | Killed a gargoyle
 10761 | D:9      | Found Zopukh's Distillery.
 10775 | D:9      | Bought a potion of heal wounds for 55 gold pieces
 10775 | D:9      | Bought a potion of lignification for 33 gold pieces
 10775 | D:9      | Bought a potion of might for 44 gold pieces
 10775 | D:9      | Bought a potion of resistance for 110 gold pieces
 10775 | D:9      | Bought a potion of curing for 33 gold pieces
 11162 | D:10     | Entered Level 10 of the Dungeon
 11580 | D:10     | Reached XP level 11. HP: 42/84 MP: 1/22
 11587 | D:10     | Slain by a yak

Skill      XL: |  1  2  3  4  5  6  7  8  9 10 |
---------------+-------------------------------+-----
Spellcasting   | 5 6 7 |  7.7
Invocations    | 1 2 3 4 5 6 |  6.3
Short Blades   | 1 2 3 4 5 |  5.7
Axes           | 1 2 3 4 5 |  5.7
Maces & Flails | 1 2 3 4 5 |  5.7
Polearms       | 1 2 3 4 5 |  5.7
Staves         | 1 2 3 4 5 |  5.7
Slings         | 1 2 3 4 5 |  5.7
Bows           | 1 2 3 4 5 |  5.7
Crossbows      | 1 2 3 4 5 |  5.7
Throwing       | 1 2 3 4 5 |  5.7
Stealth        | 1 2 3 4 5 |  5.7
Shields        | 1 2 3 4 5 |  5.7
Unarmed Combat | 1 2 3 4 5 |  5.7
Evocations     | 1 2 3 4 5 |  5.7
Conjurations   | 1 2 3 4 |  4.7
Hexes          | 1 2 3 4 |  4.7
Summonings     | 1 2 3 4 |  4.7
Necromancy     | 1 2 3 4 |  4.7
Translocations | 1 2 3 4 |  4.7
Transmutations | 1 2 3 4 |  4.7
Fire Magic     | 1 2 3 4 |  4.7
Ice Magic      | 1 2 3 4 |  4.7
Air Magic      | 1 2 3 4 |  4.7
Earth Magic    | 1 2 3 4 |  4.7
Poison Magic   | 1 2 3 4 |  4.7
Armour         | 3 4 5 6 |  6.3
Fighting       | 5 6 7 |  7.4
Long Blades    | 5 6 7 |  7.4
Dodging        | 5 6 7 |  7.4
Charms         | 6 7 |  7.3

Action                   |  1- 3 |  4- 6 |  7- 9 | 10-12 || total
-------------------------+-------+-------+-------+-------++-------
Melee: Falchion          |    79 |    31 |       |       ||   110
       Bite              |     8 |    32 |    44 |    32 ||   116
       Punch             |     1 |     4 |    10 |     5 ||    20
       Dagger            |       |   273 |   105 |       ||   378
       Club              |       |    10 |       |       ||    10
       Flail             |       |       |    24 |       ||    24
       Short sword       |       |       |   206 |   187 ||   393
       Dire flail        |       |       |    26 |    17 ||    43
       War axe           |       |       |       |    22 ||    22
 Fire: Blowgun           |       |       |     7 |    23 ||    30
Throw: Tomahawk          |       |       |    31 |    23 ||    54
 Cast: Song of Slaying   |     1 |     4 |     6 |     4 ||    15
       Infusion          |     1 |     9 |    12 |     6 ||    28
       Shroud of Golubri |       |     2 |     5 |     2 ||     9
Invok: Potion Petition   |       |       |       |     1 ||     1
       Call Merchant     |       |       |       |     1 ||     1
Evoke: Wand              |       |     2 |     7 |       ||     9
  Use: Scroll            |       |     6 |     2 |     1 ||     9
       Potion            |       |       |       |     8 ||     8
 Stab: Sleeping          |     2 |     2 |       |     1 ||     5
       Distracted        |       |       |     1 |     1 ||     2
  Eat: Chunk             |       |    11 |       |       ||    11
       Ration            |       |       |     4 |     4 ||     8
Armor: Leather armour    |     7 |    45 |       |       ||    52
       Ring mail         |       |    25 |    90 |       ||   115
       Scale mail        |       |       |    24 |    75 ||    99
       Skin              |       |       |       |    23 ||    23
Dodge: Dodged            |    54 |   143 |   264 |   197 ||   658
       Rpst.: Falchion   |    15 |    10 |       |       ||    25
